 Dungeon Crawl Stone Soup version 0.14-a0-102-g2341383 (console) character file.

96 Kellhus the Ruinous (level 4, 19/22 HPs)
             Began as a Gargoyle Wizard on Oct 2, 2013.
             Quit the game on Level 2 of the Dungeon.
             The game lasted 00:01:39 (1131 turns).

Kellhus the Ruinous (Gargoyle Wizard)               Turns: 1131, Time: 00:01:39

HP  19/22        AC 11     Str 11      XL: 4   Next: 14%
MP  10/20        EV 11     Int 19      God:
Gold 31          SH  0     Dex  8      Spells:  1 memorised,  8 levels left

Res.Fire  : . . .   See Invis. : .   m - +1,+2 mace (protect)
Res.Cold  : . . .   Warding    : .   a - +0 robe
Life Prot.: + . .   Conserve   : .   (no shield)
Res.Poison: +       Res.Corr.  : .   b - +0 wizard hat
Res.Elec. : +       Clarity    : .   o - +0 cloak
Sust.Abil.: . .     Spirit.Shd : .   (no gloves)
Res.Mut.  : .       Stasis     : .   (no boots)
Res.Rott. : +       Flight     : .   (no amulet)
Saprovore : . . .                    k - ring of magical power
                                     i - ring of flight

@: slightly resistant to hostile enchantments, unstealthy
A: fangs 1, talons 2, life protection 1, electricity resistance, slow metabolism
1, unbreathing, petrification resistance, AC +3
a: Evoke Flight


You were on level 2 of the Dungeon.
You were not hungry.

You visited 1 branch of the dungeon, and saw 2 of its levels.

You collected 11 gold pieces.

Inventory:

Hand weapons
 m - a +1,+2 mace of protection (weapon)
Armour
 a - a +0 robe (worn)
 b - a +0 wizard hat (worn)
 o - a +0 cloak (worn)
Comestibles
 d - a bread ration
 h - 3 pears
Scrolls
 e - a scroll of magic mapping {unknown}
 f - a scroll of remove curse {unknown}
 g - a scroll of identify {unknown}
 n - a scroll of amnesia {unknown}
Jewellery
 i - a ring of flight (left hand)
 k - a ring of magical power (right hand)
 p - an uncursed amulet of faith {unknown}
Potions
 j - a potion of curing {unknown}
 l - a potion of beneficial mutation {unknown}
Books
 c - a book of Minor Magic

   Spells                             Type                      Level
   *Magic Dart                        Conjuration                  1
   Blink                              Translocation                2
   Call Imp                           Summoning                    2
   Repel Missiles                     Charms/Air                   2
   Slow                               Hexes                        2
   Conjure Flame                      Conjuration/Fire             3
   Mephitic Cloud                     Conjuration/Poison/Air       3


   Skills:
 - Level 1.5 Dodging
 - Level 2.1 Stealth
 - Level 3.0 Spellcasting
 + Level 4.2 Conjurations
   Level 0.8 Summonings
   Level 0.8 Translocations


You had 8 spell levels left.
You knew the following spells:

 Your Spells              Type           Power        Failure   Level  Hunger
a - Magic Dart            Conj           ###.         3%          1    None


Dungeon Overview and Level Annotations

Branches:
Dungeon (2/27)

Altars:


Innate Abilities, Weirdness & Mutations

You are resistant to torment.
You are immune to poison.
Your stone body is very resilient (AC +3).
You have very sharp teeth.
You have razor-sharp toenails.
You resist negative energy.
You are resistant to electric shocks.
You have a slow metabolism.
You can survive without breathing.
You are immune to petrification.


Message History

The magic dart hits the adder.
The adder is almost dead.
The adder misses you.
Casting: Magic Dart
Confirm with . or Enter, or press ? or * to list all spells.
Aiming: Magic Dart
Press: ? - help, Shift-Dir - straight line, f/p - adder
Aim: an adder (almost dead)
The magic dart hits the adder.
The adder is almost dead.
The adder bites you but does no damage.
Casting: Magic Dart
Confirm with . or Enter, or press ? or * to list all spells.
Aiming: Magic Dart
Press: ? - help, Shift-Dir - straight line, f/p - adder
Aim: an adder (almost dead)
The magic dart hits the adder.
You kill the adder!
You have reached level 4!
You feel stronger.
Are you sure you want to abandon this character and quit the game? (Confirm with "yes".)

####.# # #.# # #.#
#.# #.# ##### ## #.#
######...# (#
#)######[.......#
.###.).........%...#
............## #@.#
.###....##### #..#
.# #.#### #..#
####.# #..# ...#.#
##..# ##.#.# #..%#
#.#.# #.#.# #.#.#
#...# #.#.# #..##


There were no monsters in sight!

Vanquished Creatures
  3 adders (D:2)
  2 giant geckos
  An ooze (D:2)
  4 bats
  A giant cockroach (D:2)
  5 goblins
  7 hobgoblins
  5 kobolds
  2 ball pythons (D:1)
  6 rats (D:1)
36 creatures vanquished.

Notes
Turn   | Place    | Note
--------------------------------------------------------------
     0 | D:1      | Kellhus, the Gargoyle Wizard, began the quest for the Orb.
     0 | D:1      | Reached XP level 1. HP: 8/8 MP: 5/5
   281 | D:1      | Reached XP level 2. HP: 13/13 MP: 4/7
   745 | D:1      | Reached XP level 3. HP: 17/17 MP: 9/9
  1047 | D:2      | Reached skill level 4 in Conjurations
  1130 | D:2      | Reached XP level 4. HP: 19/22 MP: 10/11
  1131 | D:2      | Quit the game

Action                   |  1- 3 |  4- 6 || total
-------------------------+-------+-------++-------
Melee: Unarmed           |     5 |       ||     5
 Cast: Magic Dart        |    93 |     1 ||    94
